 Dungeon Crawl Stone Soup version 0.30-a0-1113-ga8025317a9 (webtiles) character file.

Game seed: 17501977391629420944

234166 Cawl the Lord of Darkness (level 18, -3/120 HPs)
             Began as a Demonspawn Necromancer on Apr 20, 2023.
             Was the Champion of Kikubaaqudgha.
             Blown up by a great orb of eyes (23 damage)
             ... with a mindburst bolt
             ... on level 2 of the Vaults.
             The game lasted 03:41:35 (47158 turns).

Cawl the Lord of Darkness (Demonspawn Necromancer) Turns: 47158, Time: 03:41:35

Health: -3/120     AC: 25    Str:  8 (9)  XL:     18   Next: 87%
Magic:  17/38      EV: 13    Int: 21      God:    Kikubaaqudgha [******]
Gold:   4030       SH:  7    Dex: 11      Spells: 11/50 levels left

rFire   + . .      SeeInvis .    l - +2 trident
rCold   + + .      Faith    .    L - +2 buckler {rC+}
rNeg    . . .      Spirit   .    J - +1 scale mail {rF+}
rPois   +          Reflect  .    (helmet unavailable)
rElec   +          Rampage  .    (no cloak)
rCorr   .                        H - +1 pair of gloves of Experimentation {rElec rC+ Dex+2}
Will    +....                    (no boots) Stlth
                                 (no amulet)
HPRegen 0.00/turn                F - +5 ring of evasion
MPRegen 0.26/turn                a - ring of poison resistance

@: marked, sanguine armoured, sick, unable to drink
A: horns 3, demonic guardian 2, powered by pain 2, sanguine armour 3,
deterioration 1, shaggy fur 1, [clumsy 2], [dopey 2], [inability to drink after
injury 1]
}: 1/15 runes: decaying
a: Renounce Religion, Unearth Wretches, Torment


You were on level 2 of the Vaults.
You worshipped Kikubaaqudgha.
Kikubaaqudgha was exalted by your worship.
You visited 6 branches of the dungeon, and saw 29 of its levels.
You visited the Abyss 1 time.
You also visited: Bailey, Gauntlet and Ice Cave.

You collected 4186 gold pieces.
You spent 156 gold pieces at shops.

Inventory:

Hand Weapons
 l - a +2 trident (weapon)
Missiles
 c - 4 throwing nets
Armour
 y - a +2 robe of willpower
 H - the +1 pair of gloves of Experimentation (worn) {rElec rC+ Dex+2}
   (You found it on level 9 of the Dungeon)

   Dex:       It affects your dexterity (+2).
   rC:        It protects you from cold.
   rElec:     It insulates you from electricity.
 J - a +1 scale mail of fire resistance (worn)
 L - a +2 buckler of cold resistance (worn)
 N - a +2 tower shield of cold resistance
Magical Staves
 T - the staff of death "Bypy" {rN+ Will+ Int+4}
   (You found it in a Gauntlet)

   [staff of death]

   Base accuracy: +5 Base damage: 5 Base attack delay: 1.2 This weapon's minimum
   attack delay (0.6) is reached at skill level 12.
   Int:       It affects your intelligence (+4).
   rN:        It protects you from negative energy.
   Will:      It increases your willpower.
   It falls into the 'Staves' category.
   It is a one-handed weapon.
Jewellery
 a - a ring of poison resistance (right hand)
 n - a ring of flight
 q - a ring of protection from cold
 B - a ring of positive energy
 F - a +5 ring of evasion (left hand)
 I - a ring of see invisible
 R - a ring of resist corrosion
 S - a ring of magical power
 Z - an amulet of regeneration
Wands
 o - a wand of iceblast (45)
 z - a wand of mindburst (14)
 G - a wand of light (11)
 K - a wand of digging (5)
 Q - a wand of charming (26)
 Y - a wand of flame (34)
Scrolls
 d - 2 scrolls of brand weapon
 h - 2 scrolls of fog
 j - 32 scrolls of identify
 r - 5 scrolls of enchant armour
 t - 2 scrolls of blinking
 E - 5 scrolls of teleportation
 P - 3 scrolls of amnesia
 W - 5 scrolls of poison
Potions
 b - a potion of ambrosia
 e - 3 potions of cancellation
 f - 8 potions of brilliance
 g - 5 potions of lignification
 i - a potion of heal wounds
 k - 5 potions of resistance
 m - 6 potions of might
 p - a potion of magic
 s - 4 potions of haste
 u - 5 potions of invisibility
 v - 2 potions of berserk rage
 w - a potion of mutation
 x - 7 potions of curing
Miscellaneous
 M - a lightning rod (3/4)
 O - a phantom mirror
 U - a piece from Xom's chessboard (15/15)
 V - a condenser vane


   Skills:
 - Level 4.8 Fighting
 * Level 10.4 Polearms
 * Level 9.9 Armour
 - Level 1.7 Dodging
 - Level 1.7 Stealth
 - Level 5.0 Shields
 + Level 16.9 Spellcasting
 - Level 10.6 Summonings
 - Level 24.0 Necromancy
 - Level 5.0 Earth Magic


You had 11 spell levels left.
You knew the following spells:

 Your Spells              Type           Power      Damage    Failure   Level
a - Sublimation of Blood  Necr           87%        N/A       0%          2
b - Vampiric Draining     Necr           87%        2d12      0%          3
c - Animate Dead          Necr           87%        N/A       0%          4
d - Dispel Undead         Necr           87%        3d28      0%          4
e - Borgnjor's Vile Clut  Necr/Erth      34%        N/A       1%          5
f - Infestation           Necr           43%        N/A       9%          8
g - Haunt                 Necr/Summ      37%        N/A       19%         7
h - Death Channel         Necr           43%        N/A       1%          6

Your spell library contained the following spells:

 Spells                   Type           Power      Damage    Failure   Level
 Necrotise                Necr           100%       1d9       0%          1
 Kiss of Death            Conj/Necr      100%       2d13      1%          1
 Call Imp                 Summ           100%       N/A       1%          2
 Cigotuvi's Dreadful Rot  Necr/Pois/Air  100%       N/A       1%          2
 Anguish                  Hex/Necr       31%        N/A       1%          4
 Agony                    Necr           87%        N/A       1%          5
 Borgnjor's Revivificati  Necr           43%        N/A       9%          8
 Animate Armour           Summ/Erth      100%       N/A       11%         4
 Magic Dart               Conj           68%        1d6       26%         1
 Sting                    Tmut/Pois      68%        1d6       26%         1
 Stone Arrow              Conj/Erth      56%        3d10      28%         3
 Summon Ice Beast         Ice/Summ       40%        N/A       28%         4
 Summon Lightning Spire   Summ/Air       40%        N/A       28%         4
 Simulacrum               Ice/Necr       31%        N/A       28%         6
 Ensorcelled Hibernation  Hex/Ice        34%        N/A       36%         2
 Poisonous Vapours        Pois/Air       34%        N/A       36%         2
 Wereblood                Tmut           17%        N/A       36%         2
 Inner Flame              Hex/Fire       17%        N/A       61%         3
 Mephitic Cloud           Conj/Pois/Air  17%        N/A       61%         3
 Ozocubu's Armour         Ice            17%        N/A       61%         3
 Spider Form              Tmut/Pois      17%        N/A       61%         3
 Summon Mana Viper        Hex/Summ       40%        N/A       63%         5
 Petrify                  Tmut/Erth      28%        N/A       67%         4
 Death's Door             Necr           43%        N/A       80%         9
 Flame Wave               Conj/Fire      17%        2d7       95%         4
 Olgreb's Toxic Radiance  Pois           17%        N/A       95%         4
 Sticky Flame             Conj/Fire      17%        2d4       95%         4
 Monstrous Menagerie      Summ           29%        N/A       95%         7
 Summon Hydra             Summ           29%        N/A       95%         7
 Freezing Cloud           Conj/Ice/Air   8%         6-21      100%        5
 Irradiate                Conj/Tmut      8%         3d14      100%        5
 Iskenderun's Battlesphe  Conj           17%        2d7       100%        5
 Metabolic Englaciation   Hex/Ice        8%         N/A       100%        5
 Yara's Violent Unravell  Hex/Tmut       8%         3d5       100%        5
 Iron Shot                Conj/Erth      14%        9d4       100%        6
 Enfeeble                 Hex            8%         N/A       100%        7
 Spellforged Servitor     Conj/Summ      20%        N/A       100%        7
 Storm Form               Tmut/Air       8%         N/A       100%        7
 Lehudib's Crystal Spear  Conj/Erth      14%        10d5      100%        8
 Maxwell's Capacitive Co  Air            8%         ∞         100%        8
 Necromutation            Tmut/Necr      31%        N/A       100%        8


Dungeon Overview and Level Annotations

Branches:
Dungeon (15/15)            Temple (1/1) D:4            Lair (5/5) D:10
  Swamp (4/4) Lair:3       Spider (0/4) Lair:3        Slime (0/5) Lair:4
    Orc (2/2) D:9             Elf (0/3) Orc:2        Vaults (2/5) D:14
 Depths (0/4) D:15         Bailey (visited)           IceCv (visited)
Gauntlet (visited)
  Crypt: Vaults:2-3

Altars:
Ashenzari
Cheibriados
Dithmenos
Fedhas
Gozag
Hepliaklqana
Kikubaaqudgha
Makhleb
Nemelex Xobeh
Okawaru
Qazlal
Ru
Sif Muna
Trog
Uskayaw
Vehumet
Wu Jian
Xom
Yredelemnul

Shops:
D:2 [   Orc:2 *!(:   Vaults:1 [

Annotations:
Lair:4 exclusion: 3 oklob plants


Innate Abilities, Weirdness & Mutations

You have a pair of large horns on your head.
A demonic guardian rushes to your aid.
You sometimes gain power by taking damage.
When seriously injured, your blood forms very thick armour. (AC +12)
Your body sometimes deteriorates upon taking damage.
You are covered in fur. (AC +1)
[You are very clumsy. (Dex -4)]
[You are very dopey. (Int -4)]
[You occasionally lose the ability to drink potions when taking damage.]


Message History

The great orb of eyes misses you.
The vault sentinel blows a loud note on a signal horn!
The wizard gestures wildly while chanting.
The wizard blinks!
You hear a horrible gurgling sound! x2
There is an open door here.
Unknown command.
Press: ? - help, v - describe, . - travel The floor.
Unknown command.
Unknown command.
As you read the scroll of fear, it crumbles to dust.
You assume a fearsome visage.
The lindwurm looks frightened!
The ironbound frostheart looks frightened!
The vault sentinel resists with some effort.
The ironbound convoker looks frightened!
The great orb of eyes resists with almost no effort.
The wizard looks frightened!
The vault sentinel looks frightened!
The great orb of eyes barely misses you.
The vault sentinel casts a spell at you.
A sentinel's mark forms upon you.
The wizard mumbles some strange words.
The wizard blinks!
A great orb of eyes comes into view.
The great orb of eyes turns its gaze towards you.
The great orb of eyes bites you.
* * * LOW HITPOINT WARNING * * *
A demonic guardian appears!
The wizard mumbles some strange words.
The wizard blinks!
You can drink potions again.
Your sixfirhy hits the great orb of eyes but does no damage.
Your sixfirhy barely misses the great orb of eyes.
Your sixfirhy hits the great orb of eyes!
Your sixfirhy shocks the great orb of eyes!
The great orb of eyes gazes at you.
Your mind is blasted!
You feel threatened and lose the ability to drink potions!
You die...
Kikubaaqudgha rasps: "You have failed me!
Welcome... death!"

#...#...# #...#...#
#...#k..##+##
#...+....p..#
#.<.#....pp.#
#...#...[.p.#
#..G#G#######
#.3.........#
#..@..§.....#
#.§.........#
#######'############
....................
....................
....................
..........".........
....................
........[...........


You could see 2 great orbs of eyes, a vault sentinel (fleeing) and a friendly
sixfirhy (summoned).

Vanquished Creatures
  A frost giant (IceCv)
  2 vault wardens (Vaults:1)
  A ghoul (Swamp:3)
  An ironbound preserver (Vaults:1)
  A very ugly thing (Swamp:4)
  An ironbound thunderhulk (Vaults:1)
  2 eleionomae
  A minotaur (Gauntlet)
  A dire elephant (Vaults:1)
  A bunyip (Swamp:2)
  3 vault guards (Vaults:1)
  3 hydras
  Fannar (D:10)
  An ogre mage (D:15)
  A centaur warrior (D:13)
  A ghost crab (Swamp:1)
  5 boulder beetles
  Erica (D:10)
  2 two-headed ogres (D:9)
  9 death yaks
  A thrashing horror (Abyss:2)
  3 tengu warriors (D:13)
  2 skysharks
  A skeletal warrior (D:15)
  2 bog bodies (Swamp:4)
  2 deep trolls (Vaults:1)
  A sixfirhy (Abyss:2)
  A spriggan rider (Gauntlet)
  A swamp dragon (Swamp:4)
  An orb spider (Lair:3)
  Pikel (D:7)
  A wizard (Vaults:1)
  8 large abominations
  4 harpies
  A deep elf zephyrmancer (D:15)
  An oklob plant (Gauntlet)
  A manticore (D:13)
  A worldbinder (Gauntlet)
  A shining eye (Abyss:2)
  5 ugly things
  8 black mambas
  A guardian serpent (Lair:1)
  An ice statue (IceCv)
  9 elephants (Lair:2)
  12 cane toads
  2 minotaur zombies (Gauntlet)
  10 rime drakes
  A kobold demonologist (D:13)
  8 komodo dragons
  An ancient zyme (Abyss:3)
  A tengu conjurer (Gauntlet)
  3 hornets
  5 trolls
  12 polar bears (IceCv)
  14 blink frogs
  8 dream sheep (Lair:5)
  Prince Ribbit (D:6)
  2 spriggans
  A shadow (Swamp:4)
  9 slime creatures
  2 vampires
  2 wraiths
  8 wyverns
  6 basilisks
  61 yaks
  5 vampire mosquitoes
  3 steam dragons
  A redback (Vaults:1)
  A swamp worm (Swamp:4)
  3 wargs
  3 acid dragons
  17 water moccasins
  2 hell hounds (Lair:5)
  2 ice beasts
  5 sky beasts
  10 orc warriors
  5 ogres
  42 wolves
  8 boggarts
  4 black bears
  3 centaurs
  2 lemures (D:7)
  2 phantoms
  8 kobold brigands
  12 bullfrogs
  A gnoll sergeant (D:6)
  3 scorpions
  13 wights
  14 killer bees
  6 electric eels (Lair:3)
  A howler monkey (D:9)
  4 hounds
  4 orc priests
  3 jellies
  2 gnoll boudas (D:8)
  2 sleepcaps
  4 iguanas
  16 orc wizards
  5 small abominations
  29 gnolls
  3 adders
  A shadow imp (Abyss:2)
  15 white imps
  2 ufetubi
  4 worms
  42 orcs
  6 bats
  7 endoplasms
  5 giant cockroaches
  9 goblins
  13 hobgoblins
  9 jackals
  38 kobolds
  3 quokkas
  2 ball pythons
  3 frilled lizards
  10 rats
  A lurking horror (Abyss:2)
684 creatures vanquished.

Vanquished Creatures (collateral kills)
  A tentacled monstrosity (Swamp:4)
  A hellephant (Abyss:2)
  A tentacled starspawn (Abyss:2)
  A storm dragon (Vaults:1)
  3 thorn hunters
  A fenstrider witch (Swamp:4)
  2 vault wardens (Vaults:1)
  8 ironbound preservers (Vaults:1)
  A ghoul (Swamp:3)
  A very ugly thing (Swamp:4)
  2 ironbound thunderhulks (Vaults:1)
  2 eleionomae
  A stone giant (Vaults:1)
  Nessos (D:13)
  4 dire elephants
  5 bunyips
  An ettin (D:14)
  2 green deaths (Swamp:4)
  A shambling mangrove (Swamp:4)
  An entropy weaver (Vaults:1)
  A rakshasa (Abyss:2)
  11 hydras
  A yaktaur captain (Vaults:1)
  3 vault guards (Vaults:1)
  2 ogre magi (Orc:2)
  2 ironbound frosthearts
  17 two-headed ogres
  5 centaur warriors
  5 boulder beetles
  4 ghost crabs
  5 alligators
  3 tengu warriors
  Urug (D:13)
  A thrashing horror (Abyss:2)
  3 wretched stars
  A sixfirhy (Abyss:3)
  7 skeletal warriors
  5 goliath frogs
  9 bog bodies
  6 spriggan druids
  5 swamp dragons
  6 lindwurms (Vaults:1)
  4 wizards
  3 harpies
  21 deep trolls
  A large abomination (Swamp:4)
  2 orc knights
  A deep elf pyromancer (D:15)
  5 will-o-the-wisps
  6 ironbound convokers
  3 manticores
  A worldbinder (Abyss:2)
  6 cyclopes
  22 ugly things
  4 apocalypse crabs (Swamp:1)
  A vault sentinel (Vaults:1)
  A cane toad (Lair:5)
  2 smoke demons (Abyss:2)
  2 orange demons (Swamp:4)
  A gargoyle (D:12)
  2 kobold demonologists (D:14)
  A centaur skeleton (Abyss:2)
  A freezing wraith (Abyss:3)
  An efreet (Swamp:1)
  3 yaktaurs (Vaults:1)
  11 trolls
  9 polar bears (Lair:5)
  An ancient zyme (Abyss:2)
  4 tyrant leeches
  9 hornets
  A raiju (Lair:5)
  21 dream sheep (Lair:5)
  2 shadows
  28 slime creatures
  9 spriggans
  2 yaks (D:12)
  A starcursed mass (Abyss:2)
  A chaos spawn (Abyss:2)
  2 redbacks (Vaults:1)
  A neqoxec (Abyss:2)
  10 vampire mosquitoes
  5 wargs
  16 swamp worms
  12 hell hounds (Lair:5)
  4 orc warriors
  6 nameless horrors
  A sky beast (D:7)
  8 black bears (Lair:5)
  11 wolves (Lair:5)
  15 ogres
  6 centaurs
  2 kobold brigands
  A necrophage (Swamp:3)
  4 wights
  A small abomination (Swamp:4)
  2 orc priests
  A gnoll bouda (D:7)
  6 orc wizards
  2 gnolls
  A white imp (D:5)
  3 dart slugs
  15 orcs
  8 kobolds
  2 goblins
  A starspawn tentacle (Abyss:2)
482 creatures vanquished.

Vanquished Creatures (others)
  An eleionoma (Gauntlet)
  An eleionoma zombie (Gauntlet)
  A bloated husk (Swamp:2)
  2 tyrant leeches (Gauntlet)
  A tengu zombie (Gauntlet)
  2 gnoll zombies (Bailey)
  2 goblins (D:7)
  8 kobold zombies (D:7)
  3 orc zombies (D:7)
  A briar patch (Swamp:1)
  2 bushes (Lair:5)
  32 foxfires
  43 fungi
  67 plants
  A starspawn tentacle (Abyss:2)
167 creatures vanquished.

Grand Total: 1333 creatures vanquished

Notes
Turn   | Place    | Note
-------+----------+-------------------------------------------
     0 | D:1      | Cawl the Demonspawn Necromancer began the quest for the
                  | Orb.
     0 | D:1      | Reached XP level 1. HP: 13/13 MP: 3/3
   224 | D:1      | Gained mutation: When seriously injured, your blood forms
                  | armour. (AC +12) [demonic ancestry]
   224 | D:1      | Reached XP level 2. HP: 19/19 MP: 0/5
   856 | D:1      | Gained mutation: When seriously injured, your blood forms
                  | thick armour. (AC +12) [demonic ancestry]
   856 | D:1      | Reached XP level 3. HP: 24/24 MP: 4/7
   909 | D:1      | Reached skill level 5 in Necromancy
  1462 | D:2      | You fall into a shaft and drop 1 floor!
  1644 | D:3      | Reached XP level 4. HP: 30/30 MP: 2/8
  2061 | D:2      | Found Kuzi's Armour Shoppe.
  2307 | D:2      | Found a faded altar of an unknown god.
  2374 | D:2      | Learned a level 3 spell: Vampiric Draining
  2379 | D:2      | Learned a level 4 spell: Animate Dead
  3328 | D:4      | Found a staircase to the Ecumenical Temple.
  3338 | Temple   | Entered the Ecumenical Temple
  3423 | Temple   | Became a worshipper of Kikubaaqudgha
  3582 | D:4      | Identified the +0 rapier of the Lame Duck {flame, Will++}
  3672 | D:4      | Found a broken altar of Ashenzari.
  3693 | D:4      | Reached XP level 5. HP: 33/35 MP: 6/10
  3809 | D:4      | Noticed a phantom
  3859 | D:4      | Reached skill level 6 in Necromancy
  3899 | D:4      | Killed a phantom
  4184 | D:5      | Entered Level 5 of the Dungeon
  4198 | D:5      | Gained mutation: When seriously injured, your blood forms
                  | very thick armour. (AC +12) [demonic ancestry]
  4198 | D:5      | Reached XP level 6. HP: 41/41 MP: 5/12
  4870 | D:5      | Reached skill level 7 in Necromancy
  5153 | D:6      | Reached skill level 5 in Spellcasting
  5203 | D:6      | Reached * piety under Kikubaaqudgha
  5203 | D:6      | Received a gift from Kikubaaqudgha
  5206 | D:6      | Reached XP level 7. HP: 31/46 MP: 7/14
  5212 | D:6      | Reached skill level 1 in Shields
  5861 | D:6      | Noticed a two-headed ogre
  6322 | D:6      | Reached XP level 8. HP: 48/52 MP: 9/16
  6615 | D:6      | Reached skill level 8 in Necromancy
  6776 | D:6      | Noticed Prince Ribbit
  6785 | D:6      | Killed Prince Ribbit
  6880 | D:6      | Reached skill level 5 in Shields
  7157 | D:6      | Reached skill level 1 in Armour
  7266 | D:7      | Noticed Pikel
  7521 | D:7      | Reached skill level 1 in Polearms
  7521 | D:7      | Reached XP level 9. HP: 36/58 MP: 4/18
  7528 | D:7      | Found a flagged portal.
  7572 | Bailey   | Entered a bailey
  7830 | Bailey   | Reached skill level 1 in Fighting
  8068 | Bailey   | Reached ** piety under Kikubaaqudgha
  8241 | Bailey   | Reached skill level 10 in Necromancy
  8241 | Bailey   | Reached XP level 10. HP: 65/65 MP: 18/22
  8242 | Bailey   | Reached skill level 5 in Armour
  8242 | Bailey   | Reached XP level 11. HP: 78/78 MP: 18/24
  8357 | D:7      | Learned a level 4 spell: Dispel Undead
  9348 | D:7      | Killed Pikel
  9997 | D:7      | Reached skill level 10 in Polearms
 10134 | D:7      | Reached *** piety under Kikubaaqudgha
 10134 | D:7      | Received a gift from Kikubaaqudgha
 10158 | D:7      | Learned a level 5 spell: Borgnjor's Vile Clutch
 10279 | D:7      | Reached skill level 11 in Necromancy
 10456 | D:8      | Identified the +0 leather armour "Hoiduimm" {rElec}
 10493 | D:8      | Found a shimmering altar of Xom.
 10750 | D:8      | Reached skill level 1 in Earth Magic
 10759 | D:8      | Identified the +1 helmet of Cahup {rElec}
 11100 | D:8      | Found a shimmering blue altar of Sif Muna.
 11405 | D:9      | Noticed a two-headed ogre
 11812 | D:9      | Noticed a two-headed ogre
 11883 | D:9      | Killed a two-headed ogre
 11884 | D:9      | Killed a two-headed ogre
 12036 | D:9      | Reached **** piety under Kikubaaqudgha
 12207 | D:9      | Identified the +1 pair of gloves of Experimentation {rElec
                  | rC+ Dex+2}
 12495 | D:9      | Reached skill level 12 in Necromancy
 12495 | D:9      | Gained mutation: You sometimes gain a little power by
                  | taking damage. [demonic ancestry]
 12495 | D:9      | Reached XP level 12. HP: 81/85 MP: 15/25
 12778 | D:9      | Found a staircase to the Orcish Mines.
 13030 | D:10     | Entered Level 10 of the Dungeon
 13104 | D:10     | Noticed Fannar
 13119 | D:10     | Killed Fannar
 13280 | D:10     | Noticed Erica
 13289 | D:10     | Killed Erica
 13879 | D:10     | Reached skill level 10 in Spellcasting
 14091 | D:10     | Reached ***** piety under Kikubaaqudgha
 14092 | D:10     | Found a staircase to the Lair.
 14400 | Lair:1   | Entered Level 1 of the Lair of Beasts
 14422 | Lair:1   | Reached skill level 13 in Necromancy
 14431 | Lair:1   | Found a frozen archway.
 14488 | IceCv    | Entered an ice cave
 14857 | IceCv    | Noticed a death yak
 14863 | IceCv    | Noticed a death yak
 14888 | IceCv    | Killed a death yak
 14946 | IceCv    | Killed a death yak
 15878 | IceCv    | Reached skill level 5 in Earth Magic
 15983 | IceCv    | Reached skill level 14 in Necromancy
 16083 | IceCv    | Noticed a frost giant
 16084 | IceCv    | Noticed a death yak
 16138 | IceCv    | Killed a frost giant
 16139 | IceCv    | Gained mutation: You have a pair of small horns on your
                  | head. [demonic ancestry]
 16139 | IceCv    | Reached XP level 13. HP: 60/90 MP: 0/27
 17307 | Lair:1   | Reached ****** piety under Kikubaaqudgha
 17327 | Lair:1   | Reached skill level 15 in Necromancy
 17485 | Lair:1   | Learned a level 2 spell: Sublimation of Blood
 17741 | Lair:1   | Found the +3 pair of seven-league boots {Rampage+∞}
 18607 | Lair:2   | Reached skill level 16 in Necromancy
 18708 | Lair:2   | Received a gift from Kikubaaqudgha
 18718 | Lair:2   | Learned a level 8 spell: Infestation
 18726 | Lair:2   | Learned a level 7 spell: Haunt
 18782 | Lair:2   | Reached skill level 1 in Summonings
 20180 | Lair:3   | Gained mutation: You sometimes gain power by taking damage.
                  | [demonic ancestry]
 20180 | Lair:3   | Reached XP level 14. HP: 88/96 MP: 10/30
 20457 | Lair:3   | Found a staircase to the Swamp.
 20889 | Lair:3   | Found a hole to the Spider Nest.
 21342 | Lair:3   | Reached skill level 17 in Necromancy
 21725 | Lair:4   | Found a gate leading to a gauntlet.
 21733 | Gauntlet | Entered a Gauntlet
 21733 | Gauntlet | Found a transporter.
 21733 | Gauntlet | Found a large runed translucent door.
 21733 | Gauntlet | Found a large runed translucent door.
 21733 | Gauntlet | Found a large runed translucent door.
 21733 | Gauntlet | Found a large runed translucent door.
 21733 | Gauntlet | Found a runed translucent door.
 21733 | Gauntlet | Found a runed translucent door.
 21733 | Gauntlet | Found a large runed translucent door.
 21733 | Gauntlet | Found a large runed translucent door.
 21733 | Gauntlet | Found a large runed translucent door.
 21733 | Gauntlet | Found a large runed translucent door.
 21733 | Gauntlet | Found a large runed translucent door.
 21733 | Gauntlet | Found a large runed translucent door.
 21734 | Gauntlet | Found a large runed translucent door.
 21734 | Gauntlet | Found a large runed translucent door.
 21780 | Gauntlet | Found a transporter.
 21795 | Gauntlet | Found a transporter.
 21800 | Gauntlet | Found a transporter.
 21815 | Gauntlet | Found a transporter.
 21834 | Gauntlet | Found a transporter.
 21846 | Gauntlet | Found a transporter.
 21858 | Gauntlet | Found a transporter.
 21864 | Gauntlet | Found a transporter.
 21864 | Gauntlet | Found a transporter.
 21879 | Gauntlet | Found a transporter.
 21885 | Gauntlet | Found a transporter.
 21900 | Gauntlet | Found a transporter.
 21917 | Gauntlet | Found a transporter.
 21937 | Gauntlet | Found a transporter.
 21955 | Gauntlet | Found a large runed translucent door.
 21956 | Gauntlet | Found a large runed translucent door.
 21960 | Gauntlet | Found a runed translucent gate.
 21960 | Gauntlet | Found a runed translucent gate.
 21960 | Gauntlet | Found a runed translucent gate.
 21962 | Gauntlet | Found a transporter.
 21964 | Gauntlet | Found a transporter.
 21970 | Gauntlet | Found a large runed translucent door.
 21971 | Gauntlet | Found a large runed translucent door.
 21984 | Gauntlet | Found a transporter.
 22729 | Gauntlet | Identified the staff of death "Bypy" {rN+ Will+ Int+4}
 22730 | Gauntlet | Got Luotat's Secrets of Blasted Modification
 23080 | Lair:4   | Found a staircase to the Slime Pits.
 23835 | Lair:5   | Entered Level 5 of the Lair of Beasts
 24187 | Lair:5   | Reached skill level 5 in Summonings
 24468 | Lair:5   | Reached skill level 18 in Necromancy
 25741 | Lair:5   | Gained mutation: You have a pair of horns on your head.
                  | [demonic ancestry]
 25741 | Lair:5   | Reached XP level 15. HP: 94/102 MP: 12/32
 26284 | Orc:1    | Entered Level 1 of the Orcish Mines
 26409 | Orc:2    | Entered Level 2 of the Orcish Mines
 26435 | Orc:2    | Reached skill level 19 in Necromancy
 26451 | Orc:2    | Found Ociesch's Antique Weapon Boutique.
 26452 | Orc:2    | Found Joef's Book Shop.
 26452 | Orc:2    | Found Nukk's Distillery.
 26453 | Orc:2    | Found Vuajoepn's General Store.
 26614 | Orc:2    | Bought a scroll of teleportation for 36 gold pieces
 26614 | Orc:2    | Bought 2 potions of heal wounds for 120 gold pieces
 26639 | Orc:2    | Found a staircase to the Elven Halls.
 28327 | D:11     | Found a shimmering blue altar of Sif Muna.
 28685 | D:12     | Identified a scroll of acquirement
 28685 | D:12     | Acquired 978 gold pieces
 29803 | D:13     | Noticed Urug
 29809 | D:13     | Killed Urug
 29908 | D:13     | Noticed Nessos
 29914 | D:13     | Killed Nessos
 30320 | D:13     | Reached skill level 20 in Necromancy
 31341 | D:14     | Found a shadowy altar of Dithmenos.
 31346 | D:14     | Gained mutation: A weak demonic guardian rushes to your
                  | aid. [demonic ancestry]
 31346 | D:14     | Reached XP level 16. HP: 106/108 MP: 5/34
 32041 | D:14     | Found a gate to the Vaults.
 33052 | D:15     | Entered Level 15 of the Dungeon
 33727 | D:15     | Reached skill level 21 in Necromancy
 34442 | D:15     | Found a staircase to the Depths.
 34614 | D:15     | Reached skill level 10 in Summonings
 35189 | D:15     | Found a sparkling altar of Nemelex Xobeh.
 35514 | Swamp:1  | Entered Level 1 of the Swamp
 35594 | Swamp:1  | Noticed a thorn hunter
 35611 | Swamp:1  | Killed a thorn hunter
 35927 | Swamp:1  | Found a runed translucent door.
 37507 | Swamp:2  | Gained mutation: A demonic guardian rushes to your aid.
                  | [demonic ancestry]
 37507 | Swamp:2  | Reached XP level 17. HP: 85/113 MP: 1/35
 37849 | Swamp:2  | Reached skill level 15 in Spellcasting
 37859 | Swamp:2  | Reached skill level 22 in Necromancy
 39859 | Swamp:4  | Entered Level 4 of the Swamp
 40679 | Swamp:4  | Reached skill level 23 in Necromancy
 40722 | Swamp:4  | Noticed a tentacled monstrosity
 40742 | Swamp:4  | Killed a tentacled monstrosity
 42473 | Swamp:4  | Got a decaying rune of Zot
 42576 | Swamp:4  | Learned a level 6 spell: Death Channel
 42780 | Vaults:1 | Entered Level 1 of the Vaults
 43711 | Vaults:1 | Gained mutation: You have a pair of large horns on your
                  | head. [demonic ancestry]
 43711 | Vaults:1 | Reached XP level 18. HP: 111/120 MP: 11/38
 43728 | Vaults:1 | HP: 4/120 [large slime creature (24)]
 44716 | Vaults:1 | Reached skill level 24 in Necromancy
 45101 | Vaults:1 | Found Zuttas Qeoq's Antique Armour Shoppe.
 46343 | Abyss:2  | Found a corrupted altar of Lugonu.
 46343 | Abyss:2  | Cast into level 2 of the Abyss (a wizard)
 46403 | Abyss:2  | Found a corrupted altar of Lugonu.
 46648 | Abyss:2  | Noticed a hellephant
 46662 | Abyss:2  | Killed a hellephant
 46707 | Abyss:2  | Gained mutation: You are vulnerable to cold. (rC-) [a
                  | neqoxec]
 46709 | Abyss:2  | Lost mutation: You are vulnerable to cold. (rC-) [potion of
                  | mutation]
 46709 | Abyss:2  | Gained mutation: [You occasionally lose the ability to
                  | drink potions when taking damage.] [potion of mutation]
 46709 | Abyss:2  | Gained mutation: [You sometimes lose the ability to drink
                  | potions when taking damage.] [potion of mutation]
 46710 | Abyss:2  | Lost mutation: [You sometimes lose the ability to drink
                  | potions when taking damage.] [potion of mutation]
 46710 | Abyss:2  | Lost mutation: [You occasionally lose the ability to drink
                  | potions when taking damage.] [potion of mutation]
 46710 | Abyss:2  | Gained mutation: You are frail. (-10% HP) [potion of
                  | mutation]
 46711 | Abyss:2  | Lost mutation: You are frail. (-10% HP) [potion of
                  | mutation]
 46711 | Abyss:2  | Gained mutation: You are covered in fur. (AC +1) [potion of
                  | mutation]
 46923 | Abyss:2  | Gained mutation: Your body sometimes deteriorates upon
                  | taking damage. [a shining eye]
 47012 | Abyss:3  | Found a corrupted altar of Lugonu.
 47155 | Vaults:2 | Escaped the Abyss
 47158 | Vaults:2 | Blown up by a great orb of eyes

Illustrated notes

Levels and vault maps discovered:
D:1:      zelgadis_glass_arrival_large, layout_loops_ring
D:2:      minmay_chambers_of_ones, layout_basic,
          hellmonk_ecumenical_altar_leap_of_faith, serial_shops, shop,
          patterned_corridor
D:3:      layout_loops_ring, minmay_ruptured
D:4:      layout_rooms, mainiacjoe_overflow_paths,
          minmay_temple_entry_statues_fountains
D:5:      layout_loops_ring
D:6:      layout_basic, lightli_corner_chamber, uniq_prince_ribbit1
D:7:      layout_gridville, enter_bailey_5, corexii_checkpoint_b,
          grunt_potential, uniq_pikel
D:8:      layout_gridville, xom_teletrap_fun, nicolae_overflow_crystal_walls,
          hangedman_abyss_or_decor_stabs, hangedman_misty_isle
D:9:      layout_loops_ring, zin_treasury, orc_0_dummy
D:10:     layout_cave_pools, david_lair_generic, uniq_fannar, uniq_erica
D:11:     layout_roguey, led_sif_pool
D:12:     layout_irregular_city
D:13:     layout_small_grid, hangedman_aviary, uniq_urug, uniq_nessos
D:14:     layout_layer_cave, david_vaults_1, nicolae_dithmenos_shadow_blocks
D:15:     hangedman_depths_entry_civil_slaughter, layout_irregular_city,
          serial_park_square3 [serial_park_minivault_5x5_6],
          nemelex_spade_bored_becter
Temple:   regret_index_temple_mists
Lair:1:   layout_chaotic_city, portal_ice_cave_entry_imps,
          hellmonk_guarded_unrand_seven_league_boots
Lair:2:   nzn_winding_woodlands_small [nzn_winding_woodlands_5x15_lazy_stream,
          nzn_winding_woodlands_center_pierced_h,
          nzn_winding_woodlands_5x15_zeroes], layout_misc_corridors
Lair:3:   layout_hall_layers, minmay_swamp_entry_eels,
          nicolae_spider_entry_orb_guardian, grunt_megastairs_5,
          infiniplex_staircase_pool_2, serial_bayou_shore_a
Lair:4:   layout_loops_ring, minmay_slime_entry_oklob_enclosed,
          gauntlet_entry_generic, nicolae_lair_lil_pond
Lair:5:   hangedman_lair_caniforms_friends, layout_regular_city,
          grunt_megastairs_1, lemuel_fruit_fields
Swamp:1:  gammafunk_mikee_crab_dinner, layout_basic_swamp,
          nicolae_swamp_tree_isthmus
Swamp:2:  layout_basic_swamp, nicolae_swamp_some_circles
Swamp:3:  layout_basic_swamp, evilmike_swamp_ruin_rubble_1, swamp_pool2,
          hangedman_swamp_pad, nicolae_swamp_round_clearing
Swamp:4:  swamp_vile, layout_basic_swamp
Orc:1:    layout_caves
Orc:2:    st_orc_open, layout_caves
Vaults:1: ontoclasm_vaults_chip, hangedman_vaults_corner, v_misc_19,
          vaults_room_pools, hangedman_vaults_stretched_pinwheel,
          nicolae_vaults_c_with_doors, grunt_vaults_trifunnel,
          vaults_room_grunt_arrival_checkpoint, v_pattern_3,
          hangedman_vaults_unwind, v_misc_24, nicolae_vaults_ring_of_whatevers,
          nicolae_vaults_theta, v_misc_24, hangedman_vaults_corner_blocks,
          layout_vaults_maze, serial_shops, nicolae_shop_window_shopping
Vaults:2: portal_desolation_entry_twin_temple, nicolae_vaults_shelves_hall,
          minmay_crypt_entry_nasty_monster, nicolae_vaults_disjoint_gnomons,
          hangedman_vaults_nodes, nicolae_vaults_network_quincunx
          [nicolae_vaults_network_quincunx_subvault,
          nicolae_vaults_network_quincunx_subvault,
          nicolae_vaults_network_quincunx_subvault,
          nicolae_vaults_network_quincunx_subvault,
          nicolae_vaults_network_quincunx_subvault],
          nicolae_vaults_ninety_degrees, nicolae_vaults_network_star,
          nicolae_vaults_little_squares_1, v_alt_pattern_5,
          nicolae_vaults_rhombus_5, ontoclasm_vaults_loading_screen,
          vaults_room_door_ring, layout_vaults_omnicross

Skill      XL: |  1  2  3  4  5  6  7  8  9 10 11 12 13 14 15 16 17 18 |
---------------+-------------------------------------------------------+-----
Necromancy     | 5 6 7 8 10 12 14 16 18 20 21 23 24 | 24.0
Spellcasting   | 3 4 5 6 8 9 10 12 13 14 16 | 16.9
Shields        | 3 5 |  5.0
Armour         | 1 2 5 9 |  9.9
Polearms       | 1 7 8 10 | 10.4
Fighting       | 1 4 |  4.8
Earth Magic    | 2 5 |  5.0
Summonings     | 2 6 8 10 | 10.6
Dodging        | |  1.7
Stealth        | |  1.7

Action                     |  1- 3 |  4- 6 |  7- 9 | 10-12 | 13-15 | 16-18 || total
---------------------------+-------+-------+-------+-------+-------+-------++-------
  Melee: Dagger            |       |    21 |       |       |       |       ||    21
         Spear             |       |       |    92 |       |       |       ||    92
         Trident           |       |       |   101 |   685 |   326 |    86 ||  1198
         Headbutt          |       |       |       |       |   128 |    87 ||   215
         Staff             |       |       |       |       |   238 |   206 ||   444
   Cast: Necrotise         |    70 |   124 |   122 |    80 |       |       ||   396
         Vampiric Draining |       |     2 |    20 |    68 |    25 |    56 ||   171
         Animate Dead      |       |       |     5 |     2 |     1 |       ||     8
         Borgnjor's Vile C |       |       |       |    91 |   183 |    12 ||   286
         Dispel Undead     |       |       |       |    15 |    13 |    17 ||    45
         Infestation       |       |       |       |       |    29 |    31 ||    60
         Sublimation of Bl |       |       |       |       |     3 |    19 ||    22
         Haunt             |       |       |       |       |    30 |   284 ||   314
         Death Channel     |       |       |       |       |       |     2 ||     2
 Invoke: Unearth Wretches  |       |       |     2 |       |     1 |       ||     3
         Receive Forbidden |       |       |       |       |     1 |       ||     1
  Evoke: Wand              |       |       |     2 |     5 |     6 |       ||    13
         Lightning rod     |       |       |       |       |     4 |     4 ||     8
         Piece from Xom's  |       |       |       |       |       |     1 ||     1
         Condenser vane    |       |       |       |       |       |     1 ||     1
    Use: Potion            |     1 |     9 |     4 |     4 |     1 |    15 ||    34
         Scroll            |       |     9 |     6 |     7 |     6 |    13 ||    41
   Stab: Sleeping          |       |       |     8 |     1 |     4 |     1 ||    14
         Distracted        |       |       |     1 |       |     2 |     7 ||    10
         Paralysed         |       |       |       |       |     2 |       ||     2
 Armour: Robe              |     2 |    18 |    55 |   189 |   171 |    64 ||   499
         Leather armour    |       |       |       |     6 |       |       ||     6
         Scale mail        |       |       |       |       |       |    62 ||    62
  Dodge: Dodged            |    10 |    34 |   141 |   318 |   328 |   212 ||  1043
  Block: Buckler           |       |       |    51 |   146 |   242 |   139 ||   578

Table legend: (Time is in decaauts)
 A = Elapsed time spent in this place.
 B = Non-inter-level travel time spent in this place.
 C = Inter-level travel time spent in this place.
 D = Time resting spent in this place.
 E = Time spent auto-exploring this place.
 F = Levels seen in this place.
 G = Mean time per level.
                   A        B        C        D        E       F      G
               +--------+--------+--------+--------+--------+-----+--------+
         Total |  47305 |  45661 |   1644 |  11469 |  25507 |  34 | 1391.3 |
       Dungeon |  21459 |  20413 |   1046 |   3485 |  13177 |  15 | 1430.6 |
        Temple |    148 |    122 |     26 |      0 |     92 |   1 |  148.0 |
          Lair |   8383 |   8055 |    328 |   1233 |   5454 |   5 | 1676.6 |
         Swamp |   7334 |   7136 |    198 |   3048 |   3017 |   4 | 1833.5 |
  Orcish Mines |   1498 |   1474 |     24 |      0 |   1293 |   2 |  749.0 |
        Vaults |   3562 |   3543 |     19 |   1324 |   1524 |   2 | 1781.0 |
         Abyss |    794 |    794 |      0 |    445 |     86 |   2 |  397.0 |
        Bailey |    700 |    700 |      0 |    249 |     50 |   1 |  700.0 |
      Ice Cave |   2312 |   2312 |      0 |   1274 |    507 |   1 | 2312.0 |
      Gauntlet |   1112 |   1112 |      0 |    410 |    305 |   1 | 1112.0 |
               +--------+--------+--------+--------+--------+-----+--------+

Top non-repeatable levels by time:
Vaults:1: 3433 daAuts
 Swamp:4: 2681 daAuts
    D:14: 2488 daAuts
   IceCv: 2312 daAuts
     D:6: 2281 daAuts
     D:7: 2172 daAuts
  Lair:5: 2068 daAuts
 Swamp:1: 1883 daAuts
  Lair:2: 1882 daAuts
    D:15: 1777 daAuts
     D:9: 1763 daAuts
  Lair:3: 1714 daAuts
    D:13: 1509 daAuts
    D:10: 1508 daAuts
  Lair:1: 1411 daAuts
